 Dungeon Crawl Stone Soup version 0.28-a0-1638-g9123634e07 (webtiles) character file.

Game seed: 4193379854088058284

154 cheechan the Insei (level 5, -6/37 HPs)
             Began as a Vampire Transmuter on Jan 25, 2022.
             Mangled by a gnoll (10 damage)
             ... on level 3 of the Dungeon.
             The game lasted 00:08:51 (1762 turns).

cheechan the Insei (Vampire Transmuter)             Turns: 1762, Time: 00:08:52

Health: -6/37      AC:  2    Str: 11    XL:     5   Next: 13%
Magic:  7/9        EV: 13    Int: 16    God:
Gold:   77         SH:  0    Dex: 14    Spells: 5/9 levels left

rFire   . . .      SeeInvis +     - Unarmed
rCold   . . .      Faith    .   (no shield)
rNeg    . . .      Spirit   .   a - +0 robe
rPois   .          Reflect  .   (no helmet)
rElec   .          Harm     .   (no cloak)
rCorr   .          Rampage  .   (no gloves)
Will    .....                   (no boots)
Stlth   ++........              (no amulet)
HPRegen 0.32/turn               (no ring)
MPRegen 0.11/turn               (no ring)

@: wereblooded (expiring), healing quickly
A: alive, fangs 3, see invisible, vampiric 2
a: Exsanguinate


You were on level 3 of the Dungeon.
You visited 1 branch of the dungeon, and saw 3 of its levels.

You collected 77 gold pieces.

Inventory:

Missiles
 b - 105 stones
 c - 4 poisoned darts
Armour
 a - a +0 robe (worn)
Magical Staves
 g - a staff of air
 i - a staff of conjuration
Potions
 d - a potion of lignification {unknown}
 e - a potion of might {unknown}
 f - a potion of degeneration {unknown}
 h - a potion of curing {unknown}


   Skills:
 + Level 1.0 Fighting
 + Level 3.4 Dodging
 + Level 1.5 Stealth
 + Level 4.6 Unarmed Combat
 + Level 2.7 Spellcasting
 + Level 3.0 Transmutations


You had 5 spell levels left.
You knew the following spells:

 Your Spells              Type           Power      Damage    Failure   Level
a - Beastly Appendage     Tmut           22%        N/A       5%          1
b - Wereblood             Tmut           11%        N/A       9%          2
c - Animate Skeleton      Necr           4%         N/A       19%         1

Your spell library contained the following spells:

 Spells                   Type           Power      Damage    Failure   Level
 Pain                     Necr           8%         1d4       19%         1
 Spider Form              Tmut/Pois      7%         N/A       30%         3
 Vampiric Draining        Necr           2%         2d6       50%         3
 Ice Form                 Ice/Tmut       7%         N/A       71%         4


Dungeon Overview and Level Annotations

Branches:
Dungeon (3/15)

Altars:


Innate Abilities, Weirdness & Mutations

Your natural rate of healing is accelerated.
You have razor-sharp teeth.
You have supernaturally acute eyesight. (SInv)
You are afflicted with vampirism and can become a bat while bloodless.


Message History

The gnoll is severely wounded.
The gnoll barely misses you.
You closely miss the gnoll. You claw the gnoll.
You feel a bit better.
You kill the gnoll!
The gnoll misses you. The gnoll barely misses you.
You have reached level 5!
You feel clever.
You hit the gnoll. You claw the gnoll.
The gnoll is heavily wounded.
Your transformation is almost over.
The gnoll hits you with a +0 whip.
The gnoll hits you from afar with a +0 halberd!
* * * LOW HITPOINT WARNING * * *
The gnoll hits you from afar with a +0 spear.
* * * LOW HITPOINT WARNING * * *
Okay, then.
You aren't carrying any scrolls.
Unknown command.
You closely miss the gnoll. You claw the gnoll.
The gnoll is almost dead.
The gnoll hits you but does no damage. The gnoll barely misses you. x2
You punch the gnoll!
You feel a bit better.
You kill the gnoll!
The gnoll misses you.
The gnoll hits you from afar with a +0 spear.
* * * LOW HITPOINT WARNING * * *
You hit the kobold. You claw the kobold.
You feel a bit better.
You kill the kobold!
The gnoll barely misses you. The gnoll misses you.
The gnoll closely misses you. The gnoll completely misses you.
Found a stone staircase leading down.
The gnoll hits you from afar with a +0 spear.
* * * LOW HITPOINT WARNING * * *
Found 13 gold pieces.
Your horns disappear.
Your talons disappear.
The gnoll completely misses you.
Your primal bloodlust is almost over.
There is a stone staircase leading down here.
The gnoll hits you from afar with a +0 halberd!
You die...

####### #.....#
#.....## #...g.@##
#...g...##
######....$......
#.......####.##...
#.......#......
... #.........#
.### ..
#........###.# #
#<.†.)........
#....)..####


You could see 2 gnolls.

Vanquished Creatures
  An orc priest (D:2)
  An orc wizard (D:2)
  2 adders (D:2)
  2 gnolls (D:3)
  A worm (D:2)
  A dart slug (D:2)
  6 orcs (D:2)
  2 bats
  5 endoplasms
  A giant cockroach (D:1)
  5 goblins
  4 hobgoblins (D:1)
  3 jackals (D:1)
  7 kobolds
  A quokka (D:1)
  2 ball pythons (D:1)
  3 frilled lizards
  A quokka skeleton (D:2)
  5 rats
53 creatures vanquished.

Notes
Turn   | Place    | Note
-------+----------+-------------------------------------------
     0 | D:1      | cheechan the Vampire Transmuter began the quest for the
                  | Orb.
     0 | D:1      | Reached XP level 1. HP: 14/14 MP: 3/3
   227 | D:1      | Reached XP level 2. HP: 7/20 MP: 3/5
   258 | D:1      | Learned a level 2 spell: Wereblood
   784 | D:1      | Reached skill level 4 in Unarmed Combat
   903 | D:1      | Gained mutation: You are afflicted with vampirism and can
                  | become a bat while bloodless. [Vampire growth]
   903 | D:1      | Reached XP level 3. HP: 24/25 MP: 4/6
  1198 | D:2      | Learned a level 1 spell: Animate Skeleton
  1212 | D:2      | Reached XP level 4. HP: 28/31 MP: 5/7
  1232 | D:2      | Reached skill level 1 in Fighting
  1232 | D:2      | Reached skill level 1 in Stealth
  1407 | D:2      | Found a faded altar of an unknown god.
  1748 | D:3      | Reached XP level 5. HP: 25/37 MP: 6/9
  1753 | D:3      | HP: 1/37 [gnoll (3)]
  1762 | D:3      | Mangled by a gnoll

Illustrated notes

Levels and vault maps discovered:
D:1:      dpeg_arrival_pond, layout_basic, minmay_indecisive_spiral
D:2:      layout_loops_ring, ebering_ecumenical_altar_box,
          hangedman_abyss_or_decor_stabs
D:3:      layout_rooms, nicolae_tso_swordbearing_angel

Skill      XL: |  1  2  3  4 |
---------------+-------------+-----
Unarmed Combat | 4 |  4.6
Fighting       | 1 |  1.0
Stealth        | 1 |  1.5
Transmutations | 3 |  3.0
Dodging        | 3 |  3.4
Spellcasting   | |  2.7

Action                   |  1- 3 |  4- 6 || total
-------------------------+-------+-------++-------
Melee: Unarmed           |    96 |    52 ||   148
       Kick              |    16 |    15 ||    31
       Headbutt          |    10 |     8 ||    18
       Punch             |     7 |     1 ||     8
       Bite              |     7 |     5 ||    12
 Cast: Beastly Appendage |    18 |     4 ||    22
       Wereblood         |     1 |     1 ||     2
  Use: Scroll            |     3 |       ||     3
 Stab: Sleeping          |       |     1 ||     1
Armor: Robe              |    13 |     5 ||    18
Dodge: Dodged            |    63 |    39 ||   102

Table legend: (Time is in decaauts)
 A = Elapsed time spent in this place.
 B = Non-inter-level travel time spent in this place.
 C = Inter-level travel time spent in this place.
 D = Time resting spent in this place.
 E = Time spent auto-exploring this place.
 F = Levels seen in this place.
 G = Mean time per level.
                   A        B        C        D        E       F      G
               +--------+--------+--------+--------+--------+-----+--------+
         Total |   1750 |   1750 |      0 |     79 |      0 |   3 |  583.3 |
       Dungeon |   1750 |   1750 |      0 |     79 |      0 |   3 |  583.3 |
               +--------+--------+--------+--------+--------+-----+--------+

Top non-repeatable levels by time:
     D:1: 926 daAuts
     D:2: 798 daAuts
     D:3: 25 daAuts
